 Dungeon Crawl Stone Soup version 0.21.1-1-g345015f (webtiles) character file.

1897 tkdonut the Cleaver (level 9, -2/78 HPs)
             Began as a Hill Orc Fighter on June 22, 2018.
             Was a Priest of Beogh.
             Slain by a sky beast (6 damage)
             ... on level 5 of the Dungeon on June 23, 2018.
             The game lasted 00:24:54 (5586 turns).

tkdonut the Cleaver (Hill Orc Fighter)              Turns: 5586, Time: 00:24:55

Health: -2/78      AC:  9    Str: 26    XL:     9   Next: 15%
Magic:  18/18      EV:  9    Int:  8    God:    Beogh [***...]
Gold:   252        SH: 11    Dex: 11    Spells: 8/8 levels left

rFire    . . .     SeeInvis .   m - +1 hand axe (chop)
rCold    . . .     Gourm    .   l - +0 shield
rNeg     . . .     Faith    +   b - +0 scale mail
rPois    .         Spirit   .   (no helmet)
rElec    .         Reflect  .   (no cloak)
rCorr    .         Harm     .   (no gloves)
MR       .....                  j - +0 pair of boots (curse)
Stlth    ..........             z - amulet of faith
HPRegen  0.23/turn              w - ring of magical power
MPRegen  0.16/turn              (no ring)

@: mighty
A: no striking features
a: Smiting, Renounce Religion


You were on level 5 of the Dungeon.
You worshipped Beogh.
Beogh was most pleased with you.
You were not hungry.

You visited 1 branch of the dungeon, and saw 5 of its levels.
You also visited: Sewer.

You collected 252 gold pieces.

Inventory:

Hand Weapons
 a - a +0 war axe
 e - a +0 hand axe
 m - a +1 hand axe of chopping (weapon)
 q - a +2 vampiric hand axe
 s - a +0 spear of flaming
Armour
 b - a +0 scale mail (worn)
 c - a +0 shield
 j - a cursed +0 pair of boots (worn)
 l - a +0 shield (worn)
Jewellery
 w - a ring of magical power (left hand)
 z - an amulet of faith (around neck)
Wands
 v - a wand of random effects (30)
Scrolls
 g - 4 scrolls of identify
 k - 2 scrolls of amnesia
 o - a scroll of immolation
 p - 3 scrolls of teleportation
 t - a scroll of fog
 u - 2 scrolls of magic mapping
 y - a scroll of enchant armour {unknown}
 A - 3 scrolls of enchant weapon {unknown}
Potions
 i - a potion of mutation {unknown}
 n - a potion of haste {unknown}
 r - a potion of resistance {unknown}
 x - a potion of brilliance {unknown}
Comestibles
 f - 2 rations


   Skills:
 + Level 6.6 Fighting
 + Level 9.4 Axes
 + Level 6.4 Armour
 + Level 2.7 Dodging
 + Level 0.6 Stealth
 + Level 6.4 Shields


You had 8 spell levels left.
You didn't know any spells.

Dungeon Overview and Level Annotations

Branches:
Dungeon (5/15)
 Temple: D:4-7

Altars:
Dithmenos
Hepliaklqana
Makhleb
Okawaru
Qazlal
Sif Muna
Xom


Message History

The sky beast shocks you.
* * * LOW HITPOINT WARNING * * *
You closely miss the sky beast. You block the sky beast's attack.
You hit the sky beast.
The sky beast is moderately wounded.
The sky beast flickers out of sight!
Something hits you but does no damage.
You closely miss something. Something hits you but does no damage.
You miss something. Something hits you but does no damage.
You closely miss something. You barely miss something. Something hits you.
* * * LOW HITPOINT WARNING * * *
Something shocks you.
* * * LOW HITPOINT WARNING * * *
You feel very mighty all of a sudden. Something hits you but does no damage.
You barely miss something. You block something's attack.
You slash something! Something hits you.
* * * LOW HITPOINT WARNING * * *
Something shocks you.
You die...

... ...
####.####.##..#
....
...$..........# .
....
....(.........#.#
....
...?............#
...#
.............#.#
.###
(..............#
...
..............#
.. ?.......@...#
........{...##
.......?.....#..
....#............
...
#..(.....#....
.##.......####
... ###.....< ..
#.#<.... .
..#...###


There were no monsters in sight!

Vanquished Creatures
  Sigmund (D:3)
  A phantom (D:4)
  A sky beast (D:5)
  An ogre (D:4)
  8 big kobolds (Sewer)
  A bullfrog (D:4)
  A crimson imp (D:5)
  A bullfrog zombie (D:5)
  A hound (D:4)
  3 orc priests
  A jelly (D:2)
  5 orc wizards
  Jessica (D:2)
  A worker ant (D:4)
  Natasha (thrice) (D:3)
  12 adders
  7 gnolls
  A river rat (Sewer)
  4 oozes (Sewer)
  7 worms
  4 leopard geckos
  33 orcs
  7 ball pythons
  A giant cockroach (D:3)
  10 goblins
  6 hobgoblins
  6 jackals
  2 quokkas
  2 bats (D:2)
  2 frilled lizards
  11 kobolds
  A leopard gecko skeleton (D:4)
  9 rats
155 creatures vanquished.

Vanquished Creatures (others)
  An orc (D:2)
1 creature vanquished.

Grand Total: 156 creatures vanquished

Notes
Turn   | Place    | Note
-------+----------+-------------------------------------------
     0 | D:1      | tkdonut the Hill Orc Fighter began the quest for the Orb.
     0 | D:1      | Reached XP level 1. HP: 19/19 MP: 1/1
   526 | D:1      | Reached XP level 2. HP: 27/27 MP: 2/2
   772 | D:2      | Noticed Jessica
   792 | D:2      | Reached skill level 3 in Axes
   815 | D:2      | Reached XP level 3. HP: 21/33 MP: 3/3
  1067 | D:2      | Killed Jessica
  1067 | D:2      | Reached XP level 4. HP: 30/40 MP: 4/4
  1295 | D:2      | Reached skill level 4 in Axes
  1495 | D:2      | Reached XP level 5. HP: 43/47 MP: 5/5
  1596 | D:2      | Became a worshipper of Beogh the Brigand
  2536 | D:3      | Found a glowing drain.
  2549 | Sewer    | Entered a sewer
  2567 | Sewer    | Noticed a big kobold
  2590 | Sewer    | Killed a big kobold
  2590 | Sewer    | Reached skill level 5 in Axes
  2590 | Sewer    | Reached XP level 6. HP: 39/53 MP: 6/6
  2742 | Sewer    | Reached skill level 1 in Dodging
  2997 | Sewer    | Reached XP level 7. HP: 40/60 MP: 7/7
  3053 | Sewer    | Reached skill level 5 in Fighting
  3053 | Sewer    | Reached skill level 6 in Axes
  3053 | Sewer    | Reached skill level 5 in Armour
  3053 | Sewer    | Reached skill level 5 in Shields
  3083 | Sewer    | Reached * piety under Beogh
  3347 | D:3      | Found a deep blue altar of Sif Muna.
  3347 | D:3      | Found a shadowy altar of Dithmenos.
  3379 | D:3      | Noticed Natasha
  3414 | D:2      | Reached skill level 7 in Axes
  3515 | D:3      | Killed Natasha
  3515 | D:3      | Reached XP level 8. HP: 65/68 MP: 8/8
  3572 | D:3      | Noticed Natasha
  3583 | D:3      | Killed Natasha
  3592 | D:3      | Noticed Sigmund
  3601 | D:3      | Noticed Natasha
  3606 | D:3      | Killed Sigmund
  3616 | D:3      | Killed Natasha
  3738 | D:3      | Found a stormy altar of Qazlal.
  4049 | D:4      | Reached ** piety under Beogh
  4217 | D:4      | Reached skill level 8 in Axes
  4270 | D:4      | Found a burning altar of Makhleb.
  4724 | D:4      | Reached skill level 9 in Axes
  5143 | D:4      | Reached XP level 9. HP: 75/75 MP: 9/9
  5396 | D:5      | Entered Level 5 of the Dungeon
  5450 | D:5      | Found an iron altar of Okawaru.
  5487 | D:5      | Found a hazy altar of Hepliaklqana.
  5488 | D:5      | Found a shimmering altar of Xom.
  5489 | D:5      | Noticed a spectral ugly thing
  5542 | D:5      | Reached *** piety under Beogh
  5586 | D:5      | Slain by a sky beast

Skill      XL: |  1  2  3  4  5  6  7  8 |
---------------+-------------------------+-----
Axes           | 3 4 5 7 9 |  9.4
Fighting       | 4 5 6 |  6.6
Armour         | 4 5 6 |  6.4
Shields        | 4 5 6 |  6.4
Dodging        | 1 2 |  2.7
Stealth        | |  0.6

Action                   |  1- 3 |  4- 6 |  7- 9 || total
-------------------------+-------+-------+-------++-------
Melee: War axe           |    61 |    73 |       ||   134
       Hand axe          |       |   156 |   385 ||   541
Invok: Convert to Beogh  |       |     1 |       ||     1
  Use: Scroll            |     3 |     3 |     2 ||     8
       Potion            |       |       |     3 ||     3
  Eat: Ration            |     1 |     1 |     1 ||     3
       Chunk             |       |     1 |     5 ||     6
Armor: Scale mail        |    25 |    89 |    98 ||   212
Dodge: Dodged            |    16 |    56 |   102 ||   174
Block: Shield            |    34 |   123 |   157 ||   314
